 Dungeon Crawl Stone Soup version 0.28-b1-25-g9875b3fc8c (webtiles) character file.

Game seed: 16400685246301701348

37911 Minsecho the Frost Mage (level 13, -3/104 HPs)
             Began as a Black Draconian Ice Elementalist on Feb 2, 2022.
             Was an Elder of Sif Muna.
             Slain by a harpy simulacrum (7 damage)
             ... on level 5 of the Lair of Beasts.
             The game lasted 00:59:41 (25854 turns).

Minsecho the Frost Mage (DrIE)                     Turns: 25854, Time: 00:59:42

Health: -3/104     AC: 20    Str: 12    XL:     13   Next: 61%
Magic:  1/38       EV: 13    Int: 24    God:    Sif Muna [****..]
Gold:   805        SH:  0    Dex:  7    Spells: 9/36 levels left

rFire   + . .      SeeInvis .   J - +3 spear
rCold   . . .      Faith    .   (no shield)
rNeg    . . .      Spirit   .   (armour unavailable)
rPois   .          Reflect  .   (helmet restricted)
rElec   +          Harm     .   o - +0 cloak
rCorr   .          Rampage  .   G - +0 pair of gloves of the Nightingale {rF+ Int+5 Dex-5}
Will    .....                   (no boots)
Stlth   ++........              r - amulet of the acrobat
HPRegen 0.27/turn               L - ring of wizardry
MPRegen 0.26/turn               e - ring of magical power

@: ice-armoured, short of breath, freezing walls, slowed, very slow
A: breathe lightning, AC +8, unfitting armour, electricity resistance,
cold-blooded
a: Breathe Lightning, Renounce Religion, Channel Magic, Forget Spell, Divine
Exegesis


You were on level 5 of the Lair of Beasts.
You worshipped Sif Muna.
Sif Muna was greatly pleased with you.
You visited 3 branches of the dungeon, and saw 19 of its levels.

You collected 1023 gold pieces.
You spent 218 gold pieces at shops.

Inventory:

Hand Weapons
 J - a +3 spear (weapon)
 W - a +2 long sword of holy wrath
Missiles
 d - 2 throwing nets
 p - 9 javelins
Armour
 o - a +0 cloak (worn)
 t - an orb of energy
 G - the +0 pair of gloves of the Nightingale (worn) {rF+ Int+5 Dex-5}
   (You bought it in a shop on level 7 of the Dungeon)

   Int:       It affects your intelligence (+5).
   Dex:       It affects your dexterity (-5).
   rF:        It protects you from fire.
Magical Staves
 k - a staff of conjuration
Jewellery
 e - a ring of magical power (right hand)
 h - a +4 ring of evasion
 m - a +6 ring of strength
 r - an amulet of the acrobat (around neck)
 y - a ring of flight
 F - an amulet of regeneration
 L - a ring of wizardry (left hand)
 Q - a ring of protection from fire
 U - a ring of protection from fire
 X - a ring of ice
Wands
 n - a wand of flame (75)
 u - a wand of iceblast (15)
 B - a wand of charming (23)
 D - a wand of mindburst (8)
 H - a wand of acid (11)
 M - a wand of polymorph (20)
Scrolls
 a - a scroll of amnesia {unknown}
 b - a scroll of brand weapon {unknown}
 i - 3 scrolls of immolation
 j - 2 scrolls of vulnerability {unknown}
 q - 2 scrolls of blinking {unknown}
 s - 3 scrolls of silence {unknown}
 w - 3 scrolls of enchant weapon {unknown}
 E - 4 scrolls of fog {unknown}
 I - 2 scrolls of fear {unknown}
 K - 4 scrolls of magic mapping {unknown}
 O - 5 scrolls of teleportation
 V - a scroll of holy word {unknown}
 Z - a scroll of enchant armour {unknown}
Potions
 c - 3 potions of lignification
 f - 3 potions of curing
 g - a potion of ambrosia {unknown}
 l - 5 potions of brilliance
 v - 2 potions of berserk rage
 x - 6 potions of might
 z - 4 potions of cancellation
 A - a potion of mutation
 C - 5 potions of attraction
 N - 2 potions of invisibility {unknown}
 P - 3 potions of flight {unknown}
 R - 3 potions of heal wounds
 S - 2 potions of resistance {unknown}
 T - 3 potions of haste {unknown}
 Y - a potion of magic {unknown}


   Skills:
 + Level 6.9 Fighting
 + Level 5.3(5.9) Short Blades
 + Level 3.7(5.1) Long Blades
 + Level 6.0(6.1) Polearms
 + Level 0.3(3.7) Staves
 + Level 8.1 Dodging
 - Level 2.1 Stealth
 + Level 0.6 Unarmed Combat
 + Level 12.1 Spellcasting
 + Level 1.9 Conjurations
 + Level 0.6 Hexes
 + Level 12.9 Ice Magic
 + Level 0.2 Air Magic
 + Level 1.1 Earth Magic
 * Level 7.1 Invocations
 + Level 1.3 Evocations


You had 9 spell levels left.
You knew the following spells:

 Your Spells              Type           Power      Damage    Failure   Level
a - Freeze                Ice            100%       1d11      0%          1
b - Frozen Ramparts       Ice            100%       1d12      1%          3
c - Ozocubu's Armour      Ice            66%        N/A       1%          3
d - Leda's Liquefaction   Hex/Erth       9%         N/A       12%         4
e - Stone Arrow           Conj/Erth      44%        3d9       2%          3
f - Cause Fear            Hex            8%         N/A       13%         4
g - Freezing Cloud        Conj/Ice/Air   19%        6-21      6%          5
h - Hailstorm             Conj/Ice       50%        3d11      1%          4

Your spell library contained the following spells:

 Spells                   Type           Power      Damage    Failure   Level
 Inner Flame              Hex/Fire       16%        N/A       4%          3
 Mephitic Cloud           Conj/Pois/Air  18%        N/A       4%          3
 Portal Projectile        Hex/Tloc       32%        N/A       4%          3
 Summon Guardian Golem    Hex/Summ       16%        N/A       4%          3
 Tukima's Dance           Hex            17%        N/A       4%          3
 Call Canine Familiar     Summ           14%        N/A       5%          3
 Flame Wave               Conj/Fire      19%        2d6       12%         4
 Petrify                  Tmut/Erth      17%        N/A       13%         4
 Anguish                  Hex/Necr       8%         N/A       16%         4
 Olgreb's Toxic Radiance  Pois           14%        N/A       16%         4
 Borgnjor's Vile Clutch   Necr/Erth      8%         N/A       34%         5
 Alistair's Intoxication  Tmut/Pois      9%         N/A       41%         5
 Blade Hands              Tmut           7%         N/A       41%         5
 Iron Shot                Conj/Erth      11%        9d3       77%         6
 Eringya's Noxious Bog    Tmut/Pois      7%         N/A       92%         6
 Orb of Destruction       Conj           12%        9d7       99%         7
 Enfeeble                 Hex            8%         N/A       100%        7
 Spellforged Servitor     Conj/Summ      9%         N/A       100%        7
 Discord                  Hex            8%         N/A       100%        8
 Lehudib's Crystal Spear  Conj/Erth      11%        10d4      100%        8
 Chain Lightning          Conj/Air       10%        3d13      100%        9
 Animate Armour           Summ/Erth      Unusable   N/A       N/A         4

Dungeon Overview and Level Annotations

Branches:
Dungeon (13/15)            Temple (1/1) D:5            Lair (5/6) D:10
  Swamp (0/4) Lair:3        Snake (0/4) Lair:2        Slime (0/5) Lair:5
    Orc (0/2) D:11
 Vaults: D:13-14

Altars:
Ashenzari
Cheibriados
Elyvilon
Fedhas
Gozag
Hepliaklqana
Kikubaaqudgha
Makhleb
Nemelex Xobeh
Okawaru
Ru
Sif Muna
Uskayaw
Vehumet
Wu Jian
Yredelemnul
The Shining One

Shops:
D:7 [   D:11 [

Portals:
Trove: D:11 (give +3 fire dragon scales)


Innate Abilities, Weirdness & Mutations

You can breathe wild blasts of lightning.
Your glossy black scales are hard. (AC +8)
You cannot fit into any form of body armour.
You are resistant to electric shocks. (rElec)
You are cold-blooded and may be slowed by cold attacks.


Message History

The harpy simulacrum completely resists.
The wall freezes the harpy simulacrum but does no damage.
The harpy simulacrum claws you but does no damage. x2
Casting: Stone Arrow (mildly dangerous; 2% risk of failure)
Confirm with . or Enter, or press ? or * to list all spells.
You don't have enough magic to cast this spell.
Casting: Stone Arrow (mildly dangerous; 2% risk of failure)
Confirm with . or Enter, or press ? or * to list all spells.
Okay, then.
Okay, then.
Unknown command.
Press: ? - help, v - describe, . - travel, g - get item
Here: a harpy simulacrum Item here: a bog body corpse.
The floor.
Unknown command.
Activating: Breathe Lightning (2% risk of failure)
Press: ? - help, Dir - look around, f - activate You breathe a wild blast of lightning!
The orb of electricity explodes!
The orb of electricity engulfs the bush!
The bush is lightly damaged.
The orb of electricity explodes!
The orb of electricity engulfs you! You resist.
* * * LOW HITPOINT WARNING * * *
The orb of electricity engulfs the harpy simulacrum.
The harpy simulacrum is lightly damaged.
You hear a mighty clap of thunder!
The bolt of lightning hits the harpy simulacrum!
The harpy simulacrum is almost destroyed.
The harpy simulacrum completely resists.
The wall freezes the harpy simulacrum but does no damage.
The harpy simulacrum claws you but does no damage.
The harpy simulacrum closely misses you.
The harpy simulacrum completely resists.
The wall freezes the harpy simulacrum but does no damage.
The harpy simulacrum claws you.
* * * LOW HITPOINT WARNING * * *
The harpy simulacrum freezes you!
You feel as though you will be slow longer.
You die...

......#................
........................
........................
........................
#........P.............
P#...P................#.
......#............#....
........Z..........#....
.......@#.h...#.#.......
#....###..☼....###.....#
###.. ..°....# ##..P##
#.# ##.....≈≈##≈.### ##
≈≈≈≈≈≈≈≈≈≈### ≈≈≈≈≈≈≈≈≈≈
≈≈≈≈≈≈≈≈≈ .......Z.


You could see a harpy simulacrum.

Vanquished Creatures
  Harold (D:9)
  A vault guard (D:11)
  6 hydras
  A catoblepas (Lair:4)
  3 boulder beetles
  4 two-headed ogres
  Sonja (Lair:5)
  A bog body (Lair:5)
  A deep elf pyromancer (D:12)
  Pikel (D:9)
  2 oklob plants (Lair:4)
  2 cyclopes
  Maurice (D:9)
  4 black mambas
  A gargoyle (D:12)
  7 cane toads
  6 komodo dragons
  2 unseen horrors
  An ice devil (Lair:5)
  2 rime drakes
  6 trolls
  A tyrant leech (Lair:3)
  4 polar bears
  A hornet (D:9)
  A meliai zombie (D:11)
  A shadow (D:11)
  28 yaks
  9 wyverns
  A wraith (D:12)
  2 steam dragons (D:9)
  7 vampire mosquitoes
  3 basilisks
  3 swamp worms (Lair:3)
  2 nagas (Lair:2)
  2 acid dragons
  4 orc warriors
  15 water moccasins
  2 sky beasts (D:7)
  5 black bears
  2 ogres
  A necrophage (D:6)
  8 wolves
  2 phantoms (D:10)
  4 centaurs
  2 lemures (D:9)
  3 kobold brigands
  16 bullfrogs
  A wyvern zombie (D:6)
  2 troll zombies (D:11)
  9 killer bees
  A vampire bat (D:4)
  10 wights
  5 howler monkeys
  An electric eel (Lair:3)
  A bullfrog zombie (D:5)
  2 centaur zombies
  2 hounds
  4 orc priests
  2 jellies
  3 iguanas
  Ijyb (D:5)
  5 orc wizards
  A spriggan simulacrum (Lair:5)
  6 ogre zombies (D:11)
  A hound skeleton (D:5)
  2 howler monkey zombies
  Robin (D:2)
  7 adders
  A white imp (D:8)
  3 worms
  2 dart slugs (D:1)
  3 fire bats (D:4)
  28 orcs
  2 spectral bats (D:4)
  7 ball pythons
  17 bats
  3 bat skeletons (D:4)
  A bat zombie (D:4)
  11 endoplasms
  7 giant cockroaches
  9 hobgoblins
  15 jackals
  6 quokkas
  A bat simulacrum (D:4)
  17 goblins
  A goblin skeleton (D:11)
  2 hobgoblin skeletons (D:11)
  4 hobgoblin zombies (D:11)
  14 kobolds
  3 orc skeletons
  14 orc zombies (D:11)
  5 rats
  A butterfly (Lair:4)
427 creatures vanquished.

Vanquished Creatures (others)
  10 fungi
  60 plants
70 creatures vanquished.

Grand Total: 497 creatures vanquished

Notes
Turn   | Place    | Note
-------+----------+-------------------------------------------
     0 | D:1      | Minsecho the Draconian Ice Elementalist began the quest for
                  | the Orb.
     0 | D:1      | Reached XP level 1. HP: 14/14 MP: 3/3
     1 | D:1      | Found a runed translucent door.
   103 | D:1      | Reached XP level 2. HP: 17/20 MP: 0/5
   994 | D:2      | Reached XP level 3. HP: 21/26 MP: 4/6
  1027 | D:1      | Learned a level 3 spell: Frozen Ramparts
  1098 | D:1      | Reached skill level 1 in Short Blades
  1214 | D:2      | Reached XP level 4. HP: 33/33 MP: 3/7
  1373 | D:2      | Noticed Robin
  1381 | D:2      | Killed Robin
  1717 | D:2      | Reached skill level 5 in Ice Magic
  1832 | D:2      | Found a faded altar of an unknown god.
  2019 | D:3      | Found a broken altar of Ashenzari.
  2153 | D:3      | Reached XP level 5. HP: 30/39 MP: 5/9
  2268 | D:3      | Reached skill level 1 in Fighting
  3248 | D:4      | Reached XP level 6. HP: 47/47 MP: 4/10
  3511 | D:4      | Noticed a wyvern
  3526 | D:4      | Killed a wyvern
  3919 | D:5      | Entered Level 5 of the Dungeon
  3933 | D:5      | Your scales start taking on a glossy black colour.
  3933 | D:5      | Reached XP level 7. HP: 47/53 MP: 12/12
  3933 | D:5      | Gained mutation: You are resistant to electric shocks.
                  | (rElec) [Black Draconian growth]
  4171 | D:5      | Found a staircase to the Ecumenical Temple.
  4185 | Temple   | Entered the Ecumenical Temple
  4426 | Temple   | Became a worshipper of Sif Muna the Loreminder
  4474 | D:5      | Learned a level 3 spell: Ozocubu's Armour
  5024 | D:5      | Noticed Ijyb
  5034 | D:5      | Killed Ijyb
  5516 | D:6      | Reached XP level 8. HP: 62/62 MP: 10/14
  5767 | D:6      | Found a blossoming altar of Fedhas.
  6044 | D:7      | Found Tuigihitz's Antique Armour Emporium.
  6052 | D:7      | Bought a pair of encrusted gloves for 218 gold pieces
  6052 | D:7      | Identified the +0 pair of gloves of the Nightingale {rF+
                  | Int+5 Dex-5} (You bought it in a shop on level 7 of the
                  | Dungeon)
  6503 | D:7      | Reached skill level 5 in Spellcasting
  6682 | D:7      | Reached skill level 5 in Short Blades
  6682 | D:7      | Reached skill level 5 in Dodging
  7168 | D:6      | Reached XP level 9. HP: 50/67 MP: 13/17
  7488 | D:6      | Reached * piety under Sif Muna
  7996 | D:8      | Reached skill level 1 in Long Blades
  8471 | D:8      | Noticed a troll
  8479 | D:8      | Killed a troll
  8593 | D:8      | Reached skill level 1 in Polearms
  8784 | D:8      | Reached ** piety under Sif Muna
  9050 | D:9      | Reached XP level 10. HP: 76/78 MP: 16/19
  9303 | D:9      | Noticed Maurice
  9314 | D:9      | Killed Maurice
  9458 | D:9      | Noticed Harold
  9479 | D:9      | Killed Harold
  9711 | D:9      | Noticed Pikel
  9724 | D:9      | Killed Pikel
 10366 | D:10     | Entered Level 10 of the Dungeon
 10395 | D:10     | Learned a level 4 spell: Hailstorm
 10438 | D:10     | Noticed a two-headed ogre
 10444 | D:10     | Killed a two-headed ogre
 10769 | D:10     | Reached XP level 11. HP: 60/85 MP: 14/23
 11005 | D:10     | Reached skill level 5 in Fighting
 11046 | D:10     | Found a staircase to the Lair.
 11545 | D:11     | Found a staircase to the Orcish Mines.
 11696 | D:11     | Identified the +8 whip of Mutilation {elec, rElec Will-
                  | Dex+3}
 11703 | D:11     | Noticed a two-headed ogre
 11717 | D:10     | Killed a two-headed ogre
 11718 | D:10     | Reached skill level 10 in Ice Magic
 12469 | D:11     | Reached *** piety under Sif Muna
 12541 | D:11     | Noticed a two-headed ogre
 12553 | D:11     | Killed a two-headed ogre
 12699 | D:11     | Found Cuonig's Antique Armour Boutique.
 13229 | D:11     | Reached skill level 5 in Polearms
 13419 | D:11     | Noticed a vault guard
 13428 | D:11     | Killed a vault guard
 13433 | D:11     | Found a portal to a secret trove of treasure.
 13678 | D:12     | Reached skill level 1 in Evocations
 13933 | D:12     | Identified the +1 chain mail "Biassec" {+Blink}
 14112 | D:12     | Learned a level 4 spell: Cause Fear
 14117 | D:12     | Learned a level 4 spell: Leda's Liquefaction
 14182 | D:12     | Noticed a two-headed ogre
 14198 | D:12     | Killed a two-headed ogre
 14269 | D:12     | Noticed a deep elf pyromancer
 14497 | D:12     | Killed a deep elf pyromancer
 14737 | D:12     | Noticed a boulder beetle
 14768 | D:12     | Killed a boulder beetle
 14934 | D:12     | Reached XP level 12. HP: 79/96 MP: 25/25
 15140 | D:13     | Noticed an eight-headed hydra
 15140 | D:13     | Noticed a boulder beetle
 15151 | D:13     | Killed an eight-headed hydra
 15271 | D:13     | Killed a boulder beetle
 15271 | D:13     | Reached **** piety under Sif Muna
 15272 | D:13     | Reached skill level 10 in Spellcasting
 15272 | D:13     | Reached skill level 1 in Invocations
 15553 | D:13     | Noticed a boulder beetle
 15567 | D:13     | Killed a boulder beetle
 15597 | D:13     | Noticed a four-headed hydra
 15918 | Lair:1   | Entered Level 1 of the Lair of Beasts
 17704 | Lair:2   | Found a staircase to the Snake Pit.
 18629 | Lair:2   | Noticed a seven-headed hydra
 18642 | Lair:2   | Killed a seven-headed hydra
 20215 | Lair:3   | Reached skill level 5 in Invocations
 20533 | Lair:3   | Found a staircase to the Swamp.
 20748 | Lair:3   | Reached skill level 1 in Conjurations
 20830 | Lair:3   | Reached XP level 13. HP: 82/104 MP: 27/28
 20848 | Lair:3   | Got the Disquisition on the Cankerous Rocks
 20856 | Lair:3   | Learned a level 3 spell: Stone Arrow
 24287 | Lair:5   | Noticed Sonja
 24297 | Lair:5   | Killed Sonja
 24334 | Lair:5   | Reached skill level 1 in Earth Magic
 24339 | Lair:5   | Reached ***** piety under Sif Muna
 24345 | Lair:5   | Received a gift from Sif Muna
 24346 | Lair:5   | Got Sif Muna's Almanac of Shifting Battle Magic {god gift}
 24446 | Lair:4   | Learned a level 5 spell: Freezing Cloud
 25336 | Lair:5   | Found a staircase to the Slime Pits.
 25854 | Lair:5   | HP: 4/104 [harpy simulacrum (4)]
 25854 | Lair:5   | Slain by a harpy simulacrum

Illustrated notes

Levels and vault maps discovered:
D:1:      dpeg_arrival_caged_fury, layout_loops_ring
D:2:      layout_basic, shapermc_ecumenical_altar_totnotflames,
          kennysheep_generic_room_4, uniq_robin
D:3:      minmay_inner_zag, layout_loops_ring, mainiacjoe_overflow_cross_hatched
D:4:      layout_loops_cross, goddamned_bats
D:5:      layout_cave_pods, minmay_temple_entry_water_ring, uniq_ijyb
D:6:      layout_loops_ring, general_overflow_altar, moated_statue
D:7:      layout_loops_cross, serial_shops, shop, grunt_decor_one_mirror,
          minmay_checkerbox
D:8:      minmay_chambers_of_sixes, layout_rooms
D:9:      nicolae_BIG_FREAKIN_CUBE, layout_basic, uniq_pikel, uniq_harold,
          uniq_maurice
D:10:     layout_roguey, david_lair_shrubbed
D:11:     layout_rooms, zombieorc2_lemuel, serial_shops,
          nicolae_shop_overgrown_old_shop, enter_trove_5
D:12:     layout_loops_ring
D:13:     cross_vault, layout_rooms, ximxim_vaults_locker_room
Temple:   mainiacjoe_temple_big_plus
Lair:1:   layout_hall_layers, beast_lair_carwin_1, grunt_megastairs_2
Lair:2:   layout_chaotic_city, guppyfry_snake_entry_garden
Lair:3:   layout_cave_pods, minmay_swamp_entry_swarm, worms_lemuel,
          grunt_megastairs_5, serial_bayou_shore_b, lemuel_fruit_tree
Lair:4:   layout_misc_corridors, minmay_lair_oklob_items, lemuel_fruit_fields,
          serial_bayou_shore_a, grunt_megastairs_4
Lair:5:   dreamdust_isle_of_ice, layout_cave_shapes,
          nicolae_slime_entry_slimehenge, uniq_sonja

Skill      XL: |  1  2  3  4  5  6  7  8  9 10 11 12 13 |
---------------+----------------------------------------+-----
Dodging        | 2 3 4 5 6 7 8 |  8.1
Short Blades   | 1 2 3 4 5 |  5.3
Ice Magic      | 5 6 7 8 9 11 12 | 12.9
Stealth        | 2 |  2.1
Fighting       | 1 2 3 4 6 |  6.9
Spellcasting   | 3 4 5 6 8 9 11 12 | 12.1
Long Blades    | 3 |  3.7
Polearms       | 1 3 5 6 |  6.0
Evocations     | 1 |  1.3
Invocations    | 5 7 |  7.1
Conjurations   | 1 |  1.9
Earth Magic    | 1 |  1.1
Staves         | |  0.3
Unarmed Combat | |  0.6
Hexes          | |  0.6
Air Magic      | |  0.2

Action                   |  1- 3 |  4- 6 |  7- 9 | 10-12 | 13-15 || total
-------------------------+-------+-------+-------+-------+-------++-------
Melee: Unarmed           |     4 |       |       |       |       ||     4
       Tailslap          |     6 |    23 |    59 |    68 |     2 ||   158
       Short sword       |    38 |     1 |       |       |       ||    39
       Dagger            |    11 |   145 |   254 |       |       ||   410
       Punch             |     3 |     3 |     5 |    14 |     2 ||    27
       Staff             |       |    18 |       |       |       ||    18
       Falchion          |       |       |    60 |       |       ||    60
       Spear             |       |       |    42 |   454 |    42 ||   538
 Cast: Freeze            |    24 |     2 |     1 |   221 |    97 ||   345
       Frozen Ramparts   |     4 |    15 |    31 |    58 |    25 ||   133
       Ozocubu's Armour  |       |       |    12 |    42 |    18 ||    72
       Hailstorm         |       |       |       |    22 |     4 ||    26
       Leda's Liquefacti |       |       |       |     5 |       ||     5
       Stone Arrow       |       |       |       |       |    51 ||    51
       Freezing Cloud    |       |       |       |       |     3 ||     3
 Abil: Breathe Lightning |       |       |       |     3 |     1 ||     4
Evoke: Wand              |       |       |       |     9 |       ||     9
  Use: Scroll            |       |     5 |     3 |     4 |     2 ||    14
       Potion            |       |       |       |     2 |     1 ||     3
 Stab: Sleeping          |       |     5 |       |     2 |     1 ||     8
       Distracted        |       |       |       |     1 |       ||     1
Armor: Skin              |    20 |    73 |   118 |   217 |   128 ||   556
Dodge: Dodged            |    45 |   204 |   278 |   401 |   164 ||  1092
